 Dungeon Crawl Stone Soup version 0.28.0-53-g5a82cb258f (webtiles) character file.

Game seed: 9721011391355559609

44 youngbrodi3 the Gusty (level 3, -11/26 HPs)
             Began as a Draconian Air Elementalist on June 22, 2022.
             Killed by nerve-wracking pain
             ... invoked by Jessica
              (14 damage)
             ... on level 2 of the Dungeon.
             The game lasted 00:06:03 (1734 turns).

youngbrodi3 the Gusty (Draconian Air Elementalist)  Turns: 1734, Time: 00:06:03

Health: -11/26     AC:  6    Str: 10    XL:     3   Next: 39%
Magic:  3/6        EV: 12    Int: 17    God:
Gold:   38         SH:  0    Dex: 11    Spells: 3/6 levels left

rFire   . . .      SeeInvis .   e - +0 flail
rCold   . . .      Faith    .   (no shield)
rNeg    . . .      Spirit   .   (armour unavailable)
rPois   .          Reflect  .   (helmet restricted)
rElec   .          Harm     .   (no cloak)
rCorr   .          Rampage  .   h - +0 pair of gloves
Will    .....                   (no boots)
Stlth   ++........              (no amulet)
HPRegen 0.08/turn               (no ring)
MPRegen 0.10/turn               (no ring)

@: no status effects
A: AC +5, unfitting armour, cold-blooded
a: no special abilities


You were on level 2 of the Dungeon.
You visited 1 branch of the dungeon, and saw 2 of its levels.

You collected 38 gold pieces.

Inventory:

Hand Weapons
 a - a +0 hand axe
 e - a +0 flail (weapon)
 f - a +0 club
 i - a +0 club
 j - a +0 dagger
 l - a +0 spear
 n - a +0 short sword
 o - a +0 dagger
 p - a +0 short sword of speed
 q - a +0 club
 u - a +0 mace
Missiles
 c - 44 arrows
 g - 40 stones
Armour
 h - a +0 pair of gloves (worn)
Jewellery
 d - a ring of protection from cold
Scrolls
 k - a scroll of noise {unknown}
 r - a scroll of identify {unknown}
Potions
 b - a potion of brilliance {unknown}
 m - a potion of curing {unknown}
 s - a potion of berserk rage {unknown}
 t - a potion of might {unknown}


   Skills:
 + Level 0.1 Fighting
 + Level 0.1 Maces & Flails
 + Level 1.9 Dodging
 + Level 2.1 Stealth
 + Level 0.1 Unarmed Combat
 + Level 2.3 Spellcasting
 + Level 1.6 Conjurations
 + Level 3.6 Air Magic


You had 3 spell levels left.
You knew the following spells:

 Your Spells              Type           Power      Damage    Failure   Level
a - Shock                 Conj/Air       40%        1d5       6%          1
b - Static Discharge      Conj/Air       10%        N/A       10%         2

Your spell library contained the following spells:

 Spells                   Type           Power      Damage    Failure   Level
 Swiftness                Air            14%        N/A       13%         3
 Airstrike                Air            7%         N/A       38%         4


Dungeon Overview and Level Annotations

Branches:
Dungeon (2/15)

Altars:

Annotations:
D:2 Jessica


Innate Abilities, Weirdness & Mutations

Your plain brown scales are hard. (AC +5)
You cannot fit into any form of body armour.
You are cold-blooded and may be slowed by cold attacks.


Message History

Jessica mumbles some strange words.
Jessica blinks!
Jessica gestures at you while chanting. Pain shoots through your body!
The zap misses Jessica.
Jessica gestures at you while chanting.
You feel yourself slow down.
The zap hits Jessica.
Jessica is heavily wounded.
The zap hits Jessica but does no damage.
Jessica is heavily wounded.
You barely miss Jessica.
Jessica is heavily wounded.
Jessica casts a spell.
Jessica seems to speed up.
Jessica gestures at you while chanting. Pain shoots through your body!
You closely miss Jessica.
Your tail-slap misses Jessica.
Jessica is heavily wounded.
Jessica hits you with a +0 club. Jessica closely misses you. x2
You hit Jessica but do no damage.
Jessica is heavily wounded.
Jessica barely misses you. Jessica gestures at you while chanting.
You barely resist.
Jessica looks very angry.
Jessica closely misses you.
You hit Jessica but do no damage.
Jessica is heavily wounded.
Jessica gestures at you while chanting.
You barely resist. Jessica hits you with a +0 club. x2
* * * LOW HITPOINT WARNING * * *
You feel yourself speed up. Jessica closely misses you.
Jessica hits you with a +0 club.
* * * LOW HITPOINT WARNING * * *
Jessica gestures at you while chanting. Pain shoots through your body!
Ouch! That really hurt!
You die...

#........# +........# .#
...#........#.# .#
...#####...?..# ..
..........#....## .#
#.#..####.#....#
.####+##.#..# #@##......
.......#.#..####.# .....#
.......#.#..#...@# .....#
.......#.#..#'#..# ....#
.......#.#.......# .####
......#..............
.................##.. ######
.######..######.......#....#
# .........# #.###. .#.##.#
# ########## #.. . #.##.# #
§.§......# ### #.##.# #


You could see Jessica (fast).

Vanquished Creatures
  A worm (D:2)
  6 ball pythons
  6 bats
  2 endoplasms (D:1)
  2 giant cockroaches
  4 goblins
  A hobgoblin (D:2)
  3 jackals (D:1)
  3 kobolds
  3 quokkas
  3 frilled lizards (D:2)
  2 rats (D:1)
36 creatures vanquished.

Notes
Turn   | Place    | Note
-------+----------+-------------------------------------------
     0 | D:1      | youngbrodi3 the Draconian Air Elementalist began the quest
                  | for the Orb.
     0 | D:1      | Reached XP level 1. HP: 14/14 MP: 3/3
   153 | D:1      | Reached XP level 2. HP: 14/20 MP: 0/5
   903 | D:2      | Learned a level 2 spell: Static Discharge
  1134 | D:2      | Reached XP level 3. HP: 26/26 MP: 4/6
  1717 | D:2      | Noticed Jessica
  1734 | D:2      | Killed from afar by Jessica

Illustrated notes

Levels and vault maps discovered:
D:1:      nzn_arrival_crosshair, layout_rooms, kennysheep_nondescript,
          serial_park_tiny_1
D:2:      layout_basic, minmay_misc_feat_ornament, kennysheep_small_spiral,
          grunt_ministairs_14, st_stairs_7, kennysheep_generic_room_15,
          uniq_jessica

Skill      XL: |  1  2 |
---------------+-------+-----
Stealth        | 2 |  2.1
Fighting       | |  0.1
Maces & Flails | |  0.1
Dodging        | |  1.9
Unarmed Combat | |  0.1
Spellcasting   | |  2.3
Conjurations   | |  1.6
Air Magic      | |  3.6

Action                   || total
-------------------------++-------
Melee: Unarmed           ||    10
       Tailslap          ||     3
       Flail             ||    23
       Punch             ||     1
 Cast: Shock             ||    66
       Static Discharge  ||     1
Armor: Skin              ||    21
Dodge: Dodged            ||    34
